 Dungeon Crawl Stone Soup version 0.23-a0-141-g456867d (webtiles) character file.

2783 Ijustatesigmund the Disciple of Destruction (level 9, -3/82 HPs)
             Began as a Deep Dwarf Fighter on Aug 31, 2018.
             Was a Follower of Makhleb.
             Slain by a two-headed ogre
             ... wielding a +0 giant club
              (9 damage)
             ... on level 8 of the Dungeon.
             The game lasted 00:20:46 (5040 turns).

Ijustatesigmund the Disciple of Destruction (DDFi)  Turns: 5040, Time: 00:20:46

Health: -3/82      AC: 15    Str: 23    XL:     9   Next: 43%
Magic:  15/15      EV:  6    Int:  9    God:    Makhleb [*.....]
Gold:   216        SH: 11    Dex: 24    Spells: 8/8 levels left

rFire    . . .     SeeInvis .   t - +6 falchion "Woudue" {elec, MR+ Dex+4 Stlth+}
rCold    . . .     Gourm    .   c - +0 shield
rNeg     . . .     Faith    +   b - +0 storm dragon scales
rPois    .         Spirit   .   (no helmet)
rElec    +         Reflect  .   F - +0 cloak
rCorr    .         Harm     .   j - +1 pair of gloves
MR       ++++.                  (no boots)
Stlth    +.........             E - amulet of Dim Light {Faith MR+}
HPRegen  0.00/turn              g - ring of protection from magic
MPRegen  0.14/turn              q - +4 ring of protection

@: non-regenerating
A: damage resistance, heal wounds, thin skeletal structure 2, agile 1, deformed
body, sense surroundings 2, electricity resistance, strong 1, evolution 1, no
regeneration
a: Heal Wounds, Renounce Religion


You were on level 8 of the Dungeon.
You worshipped Makhleb.
Makhleb was aware of your devotion.
You were not hungry.

You visited 2 branches of the dungeon, and saw 9 of its levels.

You collected 489 gold pieces.
You spent 273 gold pieces at shops.

Inventory:

Hand Weapons
 a - a +1 war axe
 t - the +6 falchion "Woudue" (weapon) {elec, MR+ Dex+4 Stlth+}
   (You found it on level 4 of the Dungeon)

   Occasionally, upon striking a foe, it will discharge some electrical energy
   and cause terrible harm.
   It affects your dexterity (+4).
   It affects your resistance to hostile enchantments.
   It makes you more stealthy.
 v - a +2 flail of protection
Missiles
 r - 3 silver javelins (quivered)
Armour
 b - +0 storm dragon scales (worn)
 c - a +0 shield (worn)
 j - a +1 pair of gloves (worn)
 F - a +0 cloak (worn)
Jewellery
 g - a ring of protection from magic (left hand)
 q - a +4 ring of protection (right hand)
 w - a +3 ring of intelligence {unknown}
 A - a +3 ring of evasion {unknown}
 E - the amulet of Dim Light (around neck) {Faith MR+}
   (You found it on level 7 of the Dungeon)

   [amulet of faith]

   It allows you to gain divine favour quickly.
   It affects your resistance to hostile enchantments.
Wands
 m - a wand of acid (4)
 s - a wand of flame (21)
 y - a wand of polymorph (8)
Scrolls
 e - 2 scrolls of enchant weapon
 k - 4 scrolls of remove curse
 o - 3 scrolls of identify
 p - 4 scrolls of amnesia
 u - 2 scrolls of teleportation
 x - a scroll of holy word {unknown}
 B - a scroll of blinking
 C - a scroll of silence {unknown}
Potions
 d - a potion of agility
 h - 3 potions of flight
 i - 2 potions of haste
 l - 3 potions of lignification
 n - 2 potions of heal wounds
 z - 2 potions of curing
 D - a potion of mutation
Comestibles
 f - 13 rations


   Skills:
 + Level 6.2 Fighting
 - Level 5.7 Axes
 - Level 6.7 Armour
 - Level 5.0 Shields
 + Level 10.1 Invocations
 + Level 2.6 Evocations


You had 8 spell levels left.
You didn't know any spells.
Your spell library was empty.

Dungeon Overview and Level Annotations

Branches:
Dungeon (8/15)             Temple (1/1) D:4
   Lair: D:8-11

Altars:
Ashenzari
Cheibriados
Dithmenos
Elyvilon
Fedhas
Gozag
Hepliaklqana
Kikubaaqudgha
Makhleb
Nemelex Xobeh
Okawaru
Qazlal
Ru
Sif Muna
Trog
Uskayaw
Vehumet
Wu Jian
Xom
Yredelemnul
Zin
The Shining One

Shops:
D:5 (   D:6 !

Annotations:
D:3 3 runed doors, zard0z's ghost, amateur DsFE
D:5 1 runed door


Innate Abilities, Weirdness & Mutations

You are resistant to damage.
You can heal yourself by infusing magical energy.
You passively map the area around you.
You do not regenerate.
You have a moderately thin skeletal structure. (Dex +4, Stealth+)
You are agile. (Dex +2)
Armour fits poorly on your strangely shaped body.
You are resistant to electric shocks. (rElec)
Your muscles are strong. (Str +2)
You evolve.


Message History

You block the two-headed ogre's attack.
The two-headed ogre hits you with a giant spiked club.
You barely miss the two-headed ogre.
The two-headed ogre is heavily wounded.
The two-headed ogre barely misses you.
You riposte.
You slash the two-headed ogre!
The two-headed ogre is severely wounded.
The two-headed ogre hits you with a giant spiked club.
You block the two-headed ogre's attack. The two-headed ogre barely misses you.
You slash the two-headed ogre!
The two-headed ogre is severely wounded.
The iguana hisses angrily.
You slash the two-headed ogre!
The two-headed ogre is almost dead.
The two-headed ogre is no longer covered in acid.
You block the two-headed ogre's attack.
The two-headed ogre hits you with a giant spiked club!!
* * * LOW HITPOINT WARNING * * *
The two-headed ogre hits you with a giant club!
You die...

* #............
, ,,*
#............, *
, ,* # *
#............ **
,, ,* #.*
#...#######.. ,
, #. #..†)...# *
# **
#.###.......+, ,
, * *
#.....#.....#
##...........+,,
*
#...@Ol#....[#*
* *
#..)##.#.....# *
, , #.#.
#.#.......,, ,
*, #.#.
#.#.#.$### , *
*+ . .[ ... ..#
** ,# #> .# , ,
, , #? * * * ,,
, #. ,, * ,* , ,
* * **


You could see a two-headed ogre and an iguana.

Vanquished Creatures
  Psyche (D:8)
  Grinder (D:6)
  The ghost of soark the Conjurer, an amateur HuWz of Ashenzari (D:5)
  Eustachio (D:6)
  3 orc warriors
  A black bear (D:7)
  2 phantoms
  An ogre (D:8)
  2 centaurs
  Blork the orc (D:6)
  4 bullfrogs
  A wyvern zombie (D:6)
  3 scorpions
  A howler monkey (D:7)
  A crimson imp (D:6)
  A quasit (D:7)
  2 orc priests (D:5)
  4 orc wizards
  Jessica (D:3)
  A hound skeleton (D:5)
  11 adders
  7 gnolls
  3 worms
  2 dart slugs
  4 leopard geckos
  7 orcs
  A ball python (D:5)
  8 giant cockroaches
  9 goblins
  13 hobgoblins
  4 jackals
  6 quokkas
  9 bats
  7 frilled lizards
  9 kobolds
  5 rats
138 creatures vanquished.

Notes
Turn   | Place    | Note
-------+----------+-------------------------------------------
     0 | D:1      | Ijustatesigmund the Deep Dwarf Fighter began the quest for
                  | the Orb.
     0 | D:1      | Reached XP level 1. HP: 20/20 MP: 1/1
   114 | D:1      | Reached XP level 2. HP: 17/27 MP: 2/2
   481 | D:1      | Reached XP level 3. HP: 17/33 MP: 3/3
   649 | D:2      | Reached XP level 4. HP: 26/42 MP: 3/3
  1025 | D:2      | Found a blossoming altar of Fedhas.
  1093 | D:2      | Reached XP level 5. HP: 50/50 MP: 4/4
  1299 | D:2      | Found an ancient bone altar of Kikubaaqudgha.
  1432 | D:3      | Noticed Jessica
  1441 | D:3      | Killed Jessica
  1441 | D:3      | Reached skill level 5 in Axes
  1501 | D:3      | Found a faded altar of an unknown god.
  1787 | D:3      | Found a runed gate.
  1803 | D:3      | Found a runed gate.
  1803 | D:3      | Found a runed gate.
  1803 | D:3      | Noticed zard0z's ghost (amateur DsFE)
  1955 | D:4      | Reached XP level 6. HP: 27/58 MP: 5/5
  1999 | D:4      | Found a staircase to the Ecumenical Temple.
  2005 | Temple   | Entered the Ecumenical Temple
  2103 | Temple   | Became a worshipper of Makhleb the Destroyer
  2304 | D:4      | Got a bloodstained falchion
  2305 | D:4      | Identified the +6 falchion "Woudue" {elec, MR+ Dex+4
                  | Stlth+} (You found it on level 4 of the Dungeon)
  2376 | D:4      | Reached skill level 2 in Invocations
  2612 | D:5      | Entered Level 5 of the Dungeon
  2637 | D:5      | Found a runed door.
  2645 | D:5      | Noticed soark's ghost (amateur HuWz)
  2687 | D:5      | Killed soark's ghost
  2687 | D:5      | Reached skill level 5 in Shields
  2687 | D:5      | Reached skill level 4 in Invocations
  2687 | D:5      | Reached XP level 7. HP: 46/66 MP: 7/9
  2691 | D:5      | Found a runed door.
  2835 | D:5      | Found Ciggen's Antique Weapon Shop.
  3259 | D:6      | Noticed Grinder
  3271 | D:6      | Killed Grinder
  3271 | D:6      | Reached skill level 5 in Invocations
  3288 | D:6      | Noticed Blork the orc
  3298 | D:6      | Reached skill level 6 in Invocations
  3298 | D:6      | Reached XP level 8. HP: 33/73 MP: 11/11
  3298 | D:6      | Killed Blork the orc
  3298 | D:6      | Reached skill level 5 in Armour
  3353 | D:6      | Noticed Eustachio
  3378 | D:6      | Killed Eustachio
  3378 | D:6      | Reached skill level 7 in Invocations
  3399 | D:6      | Found Fokuug's Distillery.
  3406 | D:6      | Bought 2 potions of mutation for 208 gold pieces
  3406 | D:6      | Bought a potion of heal wounds for 65 gold pieces
  3407 | D:6      | Gained mutation: Your body sometimes deteriorates upon
                  | taking damage. [potion of mutation]
  3407 | D:6      | Gained mutation: Your system is resistant to poisons.
                  | (rPois) [potion of mutation]
  3408 | D:6      | Lost mutation: Your body sometimes deteriorates upon taking
                  | damage. [potion of mutation]
  3408 | D:6      | Lost mutation: Your system is resistant to poisons. (rPois)
                  | [potion of mutation]
  3408 | D:6      | Gained mutation: You occasionally shout uncontrollably at
                  | your foes. [potion of mutation]
  3408 | D:6      | Gained mutation: You have a somewhat thin skeletal
                  | structure. (Dex +2, Stealth) [potion of mutation]
  3408 | D:6      | Gained mutation: Armour fits poorly on your strangely
                  | shaped body. [potion of mutation]
  3408 | D:6      | Gained mutation: You are resistant to electric shocks.
                  | (rElec) [potion of mutation]
  3409 | D:6      | Lost mutation: You occasionally shout uncontrollably at
                  | your foes. [potion of mutation]
  3409 | D:6      | Lost mutation: Armour fits poorly on your strangely shaped
                  | body. [potion of mutation]
  3409 | D:6      | Gained mutation: You evolve. [potion of mutation]
  3409 | D:6      | Gained mutation: Your muscles are strong. (Str +2) [potion
                  | of mutation]
  3409 | D:6      | Gained mutation: You have a moderately thin skeletal
                  | structure. (Dex +4, Stealth+) [potion of mutation]
  3409 | D:6      | Gained mutation: You are agile. (Dex +2) [potion of
                  | mutation]
  3594 | D:6      | Reached * piety under Makhleb
  3889 | D:6      | Reached skill level 8 in Invocations
  4096 | D:7      | Gained mutation: Armour fits poorly on your strangely
                  | shaped body. [evolution]
  4217 | D:7      | Reached skill level 5 in Fighting
  4310 | D:7      | Reached skill level 9 in Invocations
  4310 | D:7      | Gained mutation: You passively map the area around you.
                  | [Deep Dwarf growth]
  4310 | D:7      | Reached XP level 9. HP: 55/81 MP: 14/14
  4569 | D:7      | Got a scorched graven amulet
  4570 | D:7      | Identified the amulet of Dim Light {Faith MR+} (You found
                  | it on level 7 of the Dungeon)
  5026 | D:8      | Reached skill level 1 in Evocations
  5029 | D:8      | Noticed Psyche
  5029 | D:8      | Noticed a two-headed ogre
  5035 | D:8      | Killed Psyche
  5035 | D:8      | Reached skill level 10 in Invocations
  5040 | D:8      | Slain by a two-headed ogre

Vault maps used:
D:1:      dpeg_arrival_renting, corner_web_ring
D:2:      kiku_gazebo_pond_becter, st_stairs_12, hangedman_decor_slide_cut,
          minivault_11, fedhas_altar_fruit_tree
D:3:      first_ration, ebering_ghost_rock_garden,
          chequers_ecumenical_altar_island, uniq_jessica
D:4:      cheibrodos_old_hovel, minmay_temple_entry_fiery, minmay_door_square
D:5:      serial_shops, shop, ebering_ghost_sewer_f
D:6:      serial_shops, shop_fountains, kennysheep_potato, uniq_eustachio,
          uniq_blork_the_orc, uniq_grinder
D:8:      uniq_joseph, uniq_erica, uniq_psyche
Temple:   kilobyte_greek_temple

Skill      XL: |  1  2  3  4  5  6  7  8  9 |
---------------+----------------------------+-----
Axes           | 3 4 5 |  5.7
Fighting       | 3 4 5 6 |  6.2
Invocations    | 4 6 9 10 | 10.1
Shields        | 5 |  5.0
Armour         | 4 6 |  6.7
Evocations     | 2 |  2.6

Action                   |  1- 3 |  4- 6 |  7- 9 || total
-------------------------+-------+-------+-------++-------
Melee: War axe           |   124 |   171 |       ||   295
       Falchion          |       |    21 |   156 ||   177
Throw: Javelin           |       |     4 |       ||     4
 Abil: Heal Wounds       |     1 |     3 |     1 ||     5
Evoke: Wand              |       |     3 |    21 ||    24
  Use: Scroll            |     3 |    13 |     3 ||    19
       Potion            |       |     3 |     6 ||     9
  Eat: Chunk             |       |     4 |     1 ||     5
       Ration            |       |     1 |     2 ||     3
Armor: Scale mail        |    64 |    83 |       ||   147
       Chain mail        |       |    10 |    93 ||   103
       Storm dragon scal |       |       |     7 ||     7
Dodge: Dodged            |    38 |    58 |    40 ||   136
Block: Shield            |    67 |    97 |   114 ||   278
       Rpst.: Falchion   |       |       |    11 ||    11

Table legend:
 A = Non-vault XP
 B = Vault XP
 C = Vault XP percentage of total XP
 D = Non-vault monster count
 E = Vault monster count
 F = Vault count percentage of total count
                 A         B        C        D         E       F
            +---------+---------+-------+---------+---------+-------
      Total |    2462 |    1515 |  38.1 |     127 |      11 |   8.0
            +---------+---------+-------+---------+---------+-------
        D:1 |      42 |       0 |   0.0 |      26 |       0 |   0.0
        D:2 |     175 |       2 |   1.1 |      32 |       1 |   3.0
        D:3 |      81 |      37 |  31.4 |      16 |       1 |   5.9
        D:4 |     261 |       0 |   0.0 |      10 |       0 |   0.0
        D:5 |     182 |     283 |  60.9 |       8 |       3 |  27.3
        D:6 |     545 |     745 |  57.8 |      14 |       5 |  26.3
        D:7 |    1050 |       0 |   0.0 |      18 |       0 |   0.0
        D:8 |     126 |     448 |  78.0 |       3 |       1 |  25.0
            +---------+---------+-------+---------+---------+-------
